 Dungeon Crawl Stone Soup version 0.22-a0-611-g46e8f3c735 (webtiles) character file.

4 RedPan the Magician (level 1, -1/11 HPs)
             Began as an Octopode Wizard on July 11, 2018.
             Slain by a dart slug (3 damage)
             ... on level 1 of the Dungeon.
             The game lasted 00:00:18 (132 turns).

RedPan the Magician (Octopode Wizard)                Turns: 132, Time: 00:00:19

Health: -1/11      AC:  1    Str:  6    XL:     1   Next: 60%
Magic:  0/4        EV: 13    Int: 20    God:
Gold:   8          SH:  0    Dex: 10    Spells: 5/6 levels left

rFire    . . .     SeeInvis .   (no weapon)
rCold    . . .     Gourm    .   (no shield)
rNeg     . . .     Faith    .   a - +0 hat
rPois    .         Spirit   .   (no amulet)
rElec    .         Reflect  .   (no ring)
rCorr    .         Harm     .   (no ring)
MR       .....                  (no ring)
Stlth    +++.......             (no ring)
HPRegen  0.03/turn              (no ring)
MPRegen  0.09/turn              (no ring)
                                (no ring)
                                (no ring)

@: no status effects
A: almost no armour, stealthy swim, amphibious, 8 rings, constrict 8, camouflage
1, gelatinous body 1
a: no special abilities


You were on level 1 of the Dungeon.
You were not hungry.

You visited 1 branch of the dungeon, and saw 1 of its levels.

You collected 8 gold pieces.

Inventory:

Armour
 a - a +0 hat (worn)
Scrolls
 b - a scroll of teleportation {unknown}
Comestibles
 c - a ration


   Skills:
 + Level 2.0 Dodging
 + Level 2.8 Stealth
 + Level 3.0 Spellcasting
 * Level 1.2 Conjurations
   Level 1.0 Summonings
   Level 1.0 Translocations


You had 5 spell levels left.
You knew the following spells:

 Your Spells              Type           Power        Failure   Level  Hunger
a - Magic Dart            Conj           #...         9%          1    None

Your spell library contained the following spells:

 Spells                   Type           Power        Failure   Level  Hunger
 Conjure Flame            Conj/Fire      #.......     32%         3    ###....
 Slow                     Hex            #.......     22%         2    ##.....
 Mephitic Cloud           Conj/Pois/Air  #.......     34%         3    ###....
 Blink                    Tloc           N/A          14%         2    ##.....
 Call Imp                 Summ           #.......     14%         2    ##.....


Dungeon Overview and Level Annotations

Branches:
Dungeon (1/15)

Altars:


Innate Abilities, Weirdness & Mutations

You cannot wear most types of armour.
You are very stealthy in the water. (Stealth+)
You are amphibious.
You can wear up to eight rings at the same time.
You can use your tentacles to constrict eight enemies at once.
Your skin changes colour to match your surroundings (Stealth+).
Your rubbery body absorbs attacks. (AC +1, EV +1)


Message History

The dart slug barely misses you.
Casting: Magic Dart (safe; 9% risk of failure)
Confirm with . or Enter, or press ? or * to list all spells.
Aiming: Magic Dart (safe; 9% risk of failure)
Press: ? - help, Shift-Dir - straight line, f/p - dart slug
Aim: a dart slug (moderately wounded)
The magic dart hits the dart slug.
The dart slug is heavily wounded.
The bat closely misses you.
Casting: Magic Dart (safe; 9% risk of failure)
Confirm with . or Enter, or press ? or * to list all spells.
Aiming: Magic Dart (safe; 9% risk of failure)
Press: ? - help, Shift-Dir - straight line, f/p - dart slug
Aim: a dart slug (heavily wounded)
The magic dart hits the dart slug.
The dart slug is severely wounded.
The rat bites you.
* * * LOW HITPOINT WARNING * * *
The bat barely misses you. The dart slug bites you.
You die...

######### #####
####.......####...#
..#.#####......#.#
#.#.# ######...#
##.#.# ##.##
##....# ######.##
#..@b.# #........
#[.wr...##
#.#####.#
#.........>.# #.#
#.# ###..!....#.#
#.# #.#
##.....##.###.# #.#
##....##.#...# #.#
.....##.#.### #.#
.#.####.#.# #.#
#.......†.# #.#


You could see a dart slug, a bat and a rat.

Vanquished Creatures
  2 goblins (D:1)
  2 frilled lizards (D:1)
4 creatures vanquished.

Notes
Turn   | Place    | Note
-------+----------+-------------------------------------------
     0 | D:1      | RedPan the Octopode Wizard began the quest for the Orb.
     0 | D:1      | Reached XP level 1. HP: 11/11 MP: 4/4
   132 | D:1      | Slain by a dart slug

Vault maps used:
D:1:      matt_arrival_diagonals

Action                   || total
-------------------------++-------
Melee: Unarmed           ||     7
       Constrict         ||     4
 Cast: Magic Dart        ||     9
 Stab: Sleeping          ||     1
Armor: Skin              ||     3
Dodge: Dodged            ||    13

Table legend:
 A = Spawn XP
 B = Non-spawn XP
 C = Spawn XP percentage of total XP
 D = Spawn monster count
 E = Non-spawn monster count
 F = Spawn count percentage of total count
 G = Total turns spent on level
                    A         B        C        D         E        F      G
               +---------+---------+-------+---------+---------+-------+---------
         Total |       0 |       6 |   0.0 |       0 |       4 |   0.0 |   132
               +---------+---------+-------+---------+---------+-------+---------
           D:1 |       0 |       6 |   0.0 |       0 |       4 |   0.0 |   132
               +---------+---------+-------+---------+---------+-------+---------
